 Dungeon Crawl Stone Soup version 0.30.0-10-gfe55d96785 (webtiles) character file.

Game seed: 5098017885799658143

42 qw the Chopper (level 3, -1/23 HPs)
             Began as a Gargoyle Fighter on May 15, 2023.
             Slain by a gnoll
             ... wielding a +0 halberd
              (2 damage)
             ... on level 2 of the Dungeon.
             The game lasted 00:00:25 (686 turns).

qw the Chopper (Gargoyle Fighter)                    Turns: 686, Time: 00:00:26

Health: -1/23      AC: 10    Str: 21    XL:     3   Next: 56%
Magic:  3/3        EV:  9    Int:  8    God:
Gold:   47         SH:  4    Dex:  9    Spells: 2/2 levels left

rFire   . . .        Y - +0 war axe
rCold   . . .        c - +0 buckler
rNeg    + . .        b - +0 scale mail
rPois   inf          (no helmet)
rElec   +            (no cloak)
rCorr   .            (no gloves)
SInv    .            (no boots)
Will    .....        (no amulet) Stlth
                     (no ring)
HPRegen 0.23/turn    (no ring)
MPRegen 0.08/turn

%: no passive effects
@: no status effects
A: sickness immunity, AC +3, negative energy resistance 1, electricity
resistance, torment resistance 1, petrification resistance
a: no special abilities


You were on level 2 of the Dungeon.
You visited 1 branch of the dungeon, and saw 2 of its levels.

You collected 47 gold pieces.


Innate Abilities, Weirdness & Mutations

You are immune to sickness and miasma.
Your stone body is resilient. (AC +3)
You are immune to poison.
You resist negative energy. (rN+)
You are resistant to electric shocks. (rElec)
You are resistant to unholy torment.
You are immune to petrification.


   Skills:
 - Level 3.2 Fighting
 + Level 3.5 Axes
 - Level 3.2 Armour
 - Level 3.2 Shields


You had 2 spell levels left.
You didn't know any spells.
Your spell library was empty.

Inventory:

Hand Weapons
 g - a +0 whip
 Y - a +0 war axe (weapon)
Armour
 b - a +0 scale mail (worn)
 c - a +0 buckler (worn)
Potions
 d - a potion of might
 h - a potion of brilliance {unknown}
 j - a potion of flight {unknown}
 k - a potion of curing {unknown}
 m - a potion of haste

Dungeon Overview and Level Annotations

Branches:
Dungeon (2/15)

Altars:


Message History

The gnoll hits you but does no damage.
A gnoll comes into view. It is wielding a +0 flail.
The gnoll closely misses you.
You hit the gnoll.
The gnoll is moderately wounded.
The gnoll barely misses you.
A gnoll comes into view. It is wielding a +0 halberd.
You barely miss the gnoll.
The gnoll is moderately wounded.
You hit the gnoll. The gnoll hits you with a +0 club.
The gnoll hits you with a +0 flail. The gnoll misses you.
The gnoll closely misses you.
You slash the gnoll!
You kill the gnoll!
You closely miss the gnoll. The gnoll hits you but does no damage.
The gnoll closely misses you.
You have reached level 3!
Your experience leads to an increase in your attributes!
Increase (S)trength, (I)ntelligence, or (D)exterity?
You feel stronger. x2
You hit the gnoll.
The gnoll is moderately wounded.
The gnoll hits you from afar with a +0 halberd!
The gnoll hits you but does no damage.
You slash the gnoll!
You kill the gnoll!
The gnoll hits you but does no damage.
The gnoll hits you from afar with a +0 halberd!
The gnoll closely misses you.
You see here a +0 club.
You closely miss the gnoll. The gnoll closely misses you.
You hit the gnoll but do no damage.
A gnoll comes into view. It is wielding a +0 spear.
The gnoll barely misses you.
You slash the gnoll!
The gnoll is severely wounded.
The gnoll closely misses you. The gnoll hits you with a +0 halberd.
The gnoll hits you but does no damage. The gnoll hits you with a +0 halberd.
You die...

.# .# .# ##.#
#..## .g..
#.###.###
#..g@)..#
#####.#.# #.#
..#####.#
.......>#
..#####.# <
#.#
..#####.#####
#...........#


You could see 2 gnolls.

Vanquished Creatures
  2 gnolls (D:2)
  A dart slug (D:1)
  A bat (D:1)
  A giant cockroach (D:1)
  4 goblins (D:1)
  3 hobgoblins (D:1)
  2 kobolds (D:1)
  2 quokkas
  2 frilled lizards
18 creatures vanquished.

Notes
Turn   | Place    | Note
-------+----------+-------------------------------------------
     0 | D:1      | qw the Gargoyle Fighter began the quest for the Orb.
     0 | D:1      | Reached XP level 1. HP: 14/14 MP: 1/1
     0 | D:1      | 0 ||| qw: Version: 0.2-a-94-gf0f28d6
     0 | D:1      | 0 ||| qw: Game counter: 25
     0 | D:1      | 0 ||| qw: Always use a shield: true
     0 | D:1      | 0 ||| qw: God list: Okawaru
     0 | D:1      | 0 ||| qw: Allow faded altars: false
     0 | D:1      | 0 ||| qw: Do Orc after D:15 true
     0 | D:1      | 0 ||| qw: Do second Lair branch before Depths: true
     0 | D:1      | 0 ||| qw: Lair rune preference: random
     0 | D:1      | 0 ||| qw: Plans: Normal, Zot:1-4, God:TSO, Crypt, Tomb,
                  | Pan, Slime:5, Hells, Abyss, Win
     0 | D:1      | 0 ||| PLANNING D:1-11
   129 | D:1      | Reached XP level 2. HP: 9/19 MP: 2/2
   172 | D:1      | 172 ||| DROPPING +0 club.
   303 | D:1      | Found a faded altar of an unknown god.
   524 | D:1      | 524 ||| DROPPING ring of magical power.
   525 | D:1      | 525 ||| READING scroll labelled GOLENI FAPPAUK.
   530 | D:1      | 530 ||| READING scroll labelled AMUGOA CERGH.
   531 | D:1      | 531 ||| READING scroll labelled KUGUIDGHU ZAN.
   619 | D:2      | Reached skill level 3 in Axes
   681 | D:2      | Reached XP level 3. HP: 17/23 MP: 3/3
   682 | D:2      | HP: 1/23 [gnoll/+0 halberd (7)]
   686 | D:2      | Slain by a gnoll

Levels and vault maps discovered:
D:1:      grunt_arrival_crossed_arrows, layout_rooms,
          ebering_ecumenical_altar_box
D:2:      layout_basic, serial_bayou_pond_d, minmay_crystal_room

Skill      XL: |  1  2 |
---------------+-------+-----
Axes           | 2 3 |  3.5
Fighting       | |  3.2
Armour         | |  3.2
Shields        | |  3.2

Action                     || total
---------------------------++-------
  Melee: War axe           ||    59
    Use: Scroll            ||     3
 Armour: Scale mail        ||    26
  Dodge: Dodged            ||    25
  Block: Buckler           ||     5

Table legend:
 A = Non-vault XP
 B = Vault XP
 C = Vault XP percentage of total XP
 D = Non-vault monster count
 E = Vault monster count
 F = Vault count percentage of total count
                 A         B        C        D         E       F
            +---------+---------+-------+---------+---------+-------
      Total |      61 |       0 |   0.0 |      18 |       0 |   0.0
            +---------+---------+-------+---------+---------+-------
        D:1 |      29 |       0 |   0.0 |      14 |       0 |   0.0
        D:2 |      32 |       0 |   0.0 |       4 |       0 |   0.0
            +---------+---------+-------+---------+---------+-------
